 Dungeon Crawl Stone Soup version 0.31-a0-229-g1fc7ce93e2 (webtiles) character file.

Game seed: 16947135573490156336

78 qw the Shooter (level 4, -1/36 HPs)
             Began as a Minotaur Hexslinger on July 6, 2023.
             Succumbed to an adder's poison
             ... on level 2 of the Dungeon.
             The game lasted 00:00:34 (1294 turns).

qw the Shooter (Minotaur Hexslinger)                Turns: 1294, Time: 00:00:34

Health: -1/36      AC:  2    Str: 13    XL:     4   Next: 15%
Magic:  4/4        EV: 12    Int: 10    God:
Gold:   121        SH:  0    Dex: 14    Spells: 4/5 levels left

rFire   . . .        Y - +1 sling
rCold   . . .        (no shield)
rNeg    . . .        c - +0 robe
rPois   .            (helmet restricted)
rElec   .            (no cloak)
rCorr   .            (no gloves)
SInv    .            (no boots)
Will    .....        (no amulet)
Stlth   +            (no ring)
HPRegen 0.26/turn    (no ring)
MPRegen 0.09/turn

%: no passive effects
@: lethally poisoned (-1 -> -9)
A: horns 2, retaliatory headbutt
a: no special abilities


You were on level 2 of the Dungeon.
You visited 1 branch of the dungeon, and saw 3 of its levels.

You collected 121 gold pieces.


Innate Abilities, Weirdness & Mutations

You have a pair of horns on your head.
You reflexively headbutt those who attack you in melee.


   Skills:
 - Level 2.0 Fighting
 + Level 4.7 Ranged Weapons
 - Level 2.1 Dodging
 - Level 1.0 Spellcasting
 - Level 2.0 Hexes


You had 4 spell levels left.
You knew the following spells:

 Your Spells              Type           Power      Damage    Failure   Level
a - Slow                  Hex            16%        N/A       16%         1

Your spell library contained the following spells:

 Spells                   Type           Power      Damage    Failure   Level
 Inner Flame              Hex/Fire       2%         N/A       56%         3
 Portal Projectile        Hex/Tloc       4%         N/A       56%         3
 Cause Fear               Hex            2%         N/A       83%         4

Inventory:

Hand Weapons
 Y - a +1 sling (weapon)
Armour
 c - a +0 robe (worn)
Scrolls
 b - a scroll of enchant weapon {unknown}
 d - a scroll of identify
 e - a scroll of acquirement {unknown}
Potions
 a - a potion of invisibility {unknown}
 g - a potion of haste {unknown}
 h - a potion of degeneration {unknown}

Dungeon Overview and Level Annotations

Branches:
Dungeon (3/15)

Altars:
Gozag


Message History

You shoot a sling bullet.
The sling bullet closely misses the adder.
You feel sick. The adder bites you but does no damage. The adder bites you.
You are more poisoned.
The adder poisons you! The adder closely misses you. The adder bites you.
You shoot a sling bullet. The sling bullet hits the adder.
The adder is severely wounded.
You feel sick. The adder barely misses you. You furiously retaliate!
You headbutt the adder. The adder bites you.
You are more poisoned.
The adder poisons you!
You shoot a sling bullet.
The sling bullet completely misses the adder.
You feel very sick.
The adder barely misses you. x2; The adder bites you but does no damage.
You shoot a sling bullet.
The sling bullet closely misses the adder.
You feel very sick. The adder barely misses you.
The adder closely misses you. x2
You shoot a sling bullet. The sling bullet hits the adder.
You kill the adder!
You feel sick. The adder barely misses you. The adder bites you.
You shoot a sling bullet.
The sling bullet barely misses the adder.
You feel sick. The adder closely misses you. You furiously retaliate!
You headbutt the adder. You shoot a sling bullet.
The sling bullet hits the adder but does no damage.
The adder is moderately wounded.
You feel sick. The adder bites you.
You are lethally poisoned!
The adder poisons you! The adder bites you.
You are more poisoned.
The adder poisons you!
You shoot a sling bullet.
The sling bullet completely misses the adder.
You feel sick. The adder misses you.
You shoot a sling bullet.
The sling bullet closely misses the adder.
You die...

#.# #.# #.#
#.###
#...########
#..).......#
#.#)#)'#.#.#
#.%.#.)#...#
...########@#
###.' #.S%#
#.' #.'.# #.#
###.# #. ...
#.. ... ...#


You could see an adder.

Vanquished Creatures
  A gnoll (D:1)
  An adder (D:2)
  A worm (D:3)
  A dart slug (D:3)
  An orc (D:3)
  2 ball pythons
  5 endoplasms (D:1)
  4 giant cockroaches
  6 goblins
  5 hobgoblins (D:1)
  7 kobolds
  A quokka (D:1)
  4 bats
  4 frilled lizards
  7 rats
50 creatures vanquished.

Notes
Turn   | Place    | Note
-------+----------+-------------------------------------------
     0 | D:1      | qw the Minotaur Hexslinger began the quest for the Orb.
     0 | D:1      | Reached XP level 1. HP: 16/16 MP: 1/1
     0 | D:1      | 0 ||| qw: Version: 0.3-a-46-gb1f654a
     0 | D:1      | 0 ||| qw: Game counter: 1371
     0 | D:1      | 0 ||| qw: Melee chars always use a shield: true
     0 | D:1      | 0 ||| qw: God list: Okawaru
     0 | D:1      | 0 ||| qw: Allow faded altars: false
     0 | D:1      | 0 ||| qw: Do Orc after clearing Dungeon:15 true
     0 | D:1      | 0 ||| qw: Do second Lair branch before Depths: true
     0 | D:1      | 0 ||| qw: Lair rune preference: random
     0 | D:1      | 0 ||| qw: Goals: Normal
     0 | D:1      | 0 ||| PLANNING D:1-11
    64 | D:1      | Reached skill level 3 in Ranged Weapons
    70 | D:1      | Reached XP level 2. HP: 23/23 MP: 2/2
   337 | D:1      | Reached XP level 3. HP: 29/29 MP: 3/3
   652 | D:1      | Reached skill level 4 in Ranged Weapons
   714 | D:1      | 714 ||| READING scroll labelled HUPITR ATHINK.
   715 | D:1      | 715 ||| READING scroll labelled PARPHUU ZECLIR.
   720 | D:1      | 720 ||| READING scroll labelled PAPTYXKERPH.
   721 | D:1      | 721 ||| DROPPING scroll of poison.
   907 | D:2      | You fall into a shaft and drop 1 floor!
  1066 | D:3      | 1066 ||| READING scroll labelled BABUISAEVE.
  1133 | D:2      | Found an opulent altar of Gozag.
  1212 | D:2      | Reached XP level 4. HP: 19/36 MP: 4/4
  1292 | D:2      | HP: 6/36 [adder (4)]
  1293 | D:2      | HP: 2/36 [poisoned by an adder]
  1294 | D:2      | Succumbed to an adder's poison

Levels and vault maps discovered:
D:1:      roderic_dead_forest, layout_basic
D:2:      layout_basic, basic_altar, minmay_mini_jars
D:3:      layout_basic

Skill      XL: |  1  2  3 |
---------------+----------+-----
Ranged Weapons | 3 4 |  4.7
Fighting       | 2 |  2.0
Dodging        | |  2.1
Spellcasting   | |  1.0
Hexes          | |  2.0

Action                     |  1- 3 |  4- 6 || total
---------------------------+-------+-------++-------
   Fire: Sling             |   126 |    14 ||   140
    Use: Scroll            |     4 |       ||     4
 Armour: Robe              |     6 |     3 ||     9
  Dodge: Dodged            |    24 |    15 ||    39

Table legend:
 A = Non-vault XP
 B = Vault XP
 C = Vault XP percentage of total XP
 D = Non-vault monster count
 E = Vault monster count
 F = Vault count percentage of total count
                 A         B        C        D         E       F
            +---------+---------+-------+---------+---------+-------
      Total |      89 |      23 |  20.5 |      43 |       7 |  14.0
            +---------+---------+-------+---------+---------+-------
        D:1 |      65 |       0 |   0.0 |      32 |       0 |   0.0
        D:2 |       9 |      23 |  71.9 |       6 |       7 |  53.8
        D:3 |      15 |       0 |   0.0 |       5 |       0 |   0.0
            +---------+---------+-------+---------+---------+-------
